WCHLSIM.com - West Coast Hockey League
html PUBLIC "-//W3C//DTD XHTML 1.0 Transitional//EN" "http://www.w3.org/TR/xhtml1/DTD/xhtml1-transitional.dtd"> WCHL - Game 636 - SALEM BLACK JAYS vs KELOWNA ROCKETS

SALEM BLACK JAYS vs KELOWNA ROCKETS

Created - 13 janvier 2020 at 17:21

Goals
1 2 3 T
SALEM BLACK JAYS 0 1 3 4
KELOWNA ROCKETS 0 0 1 1
Shots
1 2 3 T
SALEM BLACK JAYS 5 6 9 20
KELOWNA ROCKETS 4 4 4 12

1st period

No Goal

Penalties :
Drew Doughty (KEL) for Tripping (Minor) at 15:39

2nd period

1. SALEM BLACK JAYS , Mikko Rantanen 23 (Mathew Barzal 27, Filip Chytil 3) at 9:33

Penalties :
Adam Larsson (SAL) for Holding (Minor) at 13:38

3rd period

2. SALEM BLACK JAYS , Mitchell Marner 25 (Trevor Lewis 7, Par Lindholm 10) at 0:17 (PP)
3. SALEM BLACK JAYS , Mitchell Marner 26 (Brett Ritchie 2) at 0:41
4. KELOWNA ROCKETS , Vladimir Tarasenko 24 (Dmitri Orlov 14) at 1:08
5. SALEM BLACK JAYS , Joshua Morrissey 3 (Par Lindholm 11) at 6:58

Penalties :
Nikita Zadorov (KEL) for Tripping (Minor) at 0:11, Brett Ritchie (SAL) for Tripping (Minor) at 1:55

Goalie Stats

Mike Smith (SAL), 11 saves from 12 shots - (0,917), W, 20-12-3, 60:00 minutes
Tuukka Rask (KEL), 13 saves from 17 shots - (0,765), L, 18-10-0, 46:58 minutes
Marcus Hogberg (KEL), 3 saves from 3 shots - (1,000), 13:02 minutes

Players Stats for SALEM BLACK JAYS

Player Name              G  A  P  +/- PIM S  H  SB GA TA FO     MP     PP MP  PK MP  
------------------------------------------------------------------------------------
Adam Larsson             0  0  0   0  2   0  3  1  0  0  0/0    18:48   0:50   0:31 
Anthony DeAngelo         0  0  0   1  0   0  0  0  0  0  0/0     6:35   1:15   0:00 
Brett Ritchie            0  1  1   1  2   0  2  0  0  0  7/17   18:29   0:00   0:00 
Cody Ceci                0  0  0   0  0   1  1  1  0  0  0/0    21:58   0:00   2:48 
Filip Chytil             0  1  1   1  0   0  0  0  0  0  1/1     6:49   0:00   0:00 
Jason Demers             0  0  0   1  0   0  0  0  0  0  0/0     5:29   0:00   0:09 
Joshua Morrissey         1  0  1   0  0   1  0  0  0  0  0/0    21:58   0:00   2:48 
Kyle Clifford            0  0  0   1  0   0  1  0  0  0  0/0    13:23   0:20   0:07 
Marcus Johansson         0  0  0  -1  0   1  0  0  0  0  3/4    22:34   0:50   0:00 
Mathew Barzal            0  1  1   0  0   4  1  0  0  0  10/22  19:10   0:50   2:49 
Matthew Calvert          0  0  0   1  0   5  0  1  0  0  0/0    18:58   0:00   0:00 
Michal Kempny            0  0  0   1  0   0  1  0  0  0  0/0    13:14   1:15   0:00 
Mikko Rantanen           1  0  1   0  0   4  1  0  0  0  0/2    23:45   0:50   1:09 
Mitchell Marner          2  0  2   1  0   2  0  0  0  0  0/1    21:22   1:15   1:09 
Par Lindholm             0  2  2   1  0   1  0  0  0  0  9/12   16:50   0:55   2:42 
Scott Mayfield           0  0  0   1  0   0  0  2  0  0  0/0    12:29   0:00   0:30 
Trevor Lewis             0  1  1   1  0   0  1  0  0  0  0/0    14:41   1:15   0:00 
Zach Bogosian            0  0  0   0  0   1  0  0  0  0  0/0    19:28   0:50   1:10 

Players Stats for KELOWNA ROCKETS

Player Name              G  A  P  +/- PIM S  H  SB GA TA FO     MP     PP MP  PK MP  
------------------------------------------------------------------------------------
Adam Fox                 0  0  0   0  0   0  1  0  0  0  0/0    18:18   2:45   0:00 
Alexander Ovechkin       0  0  0   0  0   2  3  0  0  0  0/0    21:06   2:45   0:56 
Anthony Cirelli          0  0  0   0  0   1  0  1  0  0  3/8    13:01   0:00   1:09 
Auston Matthews          0  0  0  -1  0   2  0  0  0  0  9/18   18:45   0:00   0:56 
Colby Cave               0  0  0  -1  0   0  0  0  0  0  0/0     6:51   0:00   0:00 
Dmitri Orlov             0  1  1  -1  0   0  1  0  0  0  0/0    21:51   0:00   1:17 
Drew Doughty             0  0  0  -1  2   1  0  1  0  0  0/0    21:42   0:00   0:06 
Evgeny Kuznetsov         0  0  0   0  0   1  0  0  0  0  12/23  20:10   2:03   0:42 
James van Riemsdyk       0  0  0  -1  0   0  3  0  0  0  1/3    19:52   2:03   0:00 
Joakim Nordstrom         0  0  0  -1  0   0  0  0  0  0  0/0     6:51   0:00   0:00 
Jonas Siegenthaler       0  0  0  -1  0   0  1  0  0  0  0/0    17:56   0:00   1:09 
Jordan Eberle            0  0  0  -1  0   1  1  0  0  0  0/0    19:12   0:00   1:23 
Marcus Pettersson        0  0  0   0  0   0  0  3  0  0  0/0    16:46   1:13   0:00 
Nick Bjugstad            0  0  0  -1  0   2  1  0  0  0  3/6     8:46   1:55   0:00 
Nikita Zadorov           0  0  0  -1  2   0  3  0  0  0  0/0    19:44   1:13   0:42 
Pavel Buchnevich         0  0  0   0  0   0  0  0  0  0  0/0    13:47   1:55   0:00 
Tyler Bertuzzi           0  0  0   0  0   0  2  1  0  0  0/0    13:47   1:55   0:00 
Vladimir Tarasenko       1  0  1   0  0   2  0  0  0  0  1/1    19:28   2:03   0:00 

3 Stars

1 - Mitchell Marner (SAL)
2 - Par Lindholm (SAL)
3 - Mikko Rantanen (SAL)

Power Play

SALEM BLACK JAYS - 1 on 2 Attempt(s) - 50,00%
KELOWNA ROCKETS - 0 on 2 Attempt(s) - 0,00%

Penalty Kill

SALEM BLACK JAYS - 2 on 2 Attempt(s) - 100,00% - Score 0 goal in Penalty Kill
KELOWNA ROCKETS - 1 on 2 Attempt(s) - 50,00% - Score 0 goal in Penalty Kill

Team Stat

SALEM BLACK JAYS - Hits : 11 - Faceoff Wins : 30 - Blocked Shots : 5 - Penalty Minutes : 4
KELOWNA ROCKETS - Hits : 16 - Faceoff Wins : 29 - Blocked Shots : 6 - Penalty Minutes : 4

Official

Referees : Eric Furlatt and Brad Watson
Linesman : Matt Brady and Mike Emanatian

Game Notes

Marcus Hogberg enters game at 6:58 of 3rd period

Finance

Level 1 -- Attendance: 4116 (62,36%) -- Ticket Income 782 040 $
Level 2 -- Attendance: 3101 (55,38%) -- Ticket Income 387 625 $
Level 3 -- Attendance: 1232 (38,50%) -- Ticket Income 123 200 $
Level 4 -- Attendance: 2461 (43,95%) -- Ticket Income 159 965 $
Luxury Box -- Attendance: 634 (63,40%) -- Ticket Income 215 560 $
Game was played at the Cherepanov Coliseum.
Total Attendance: 11544 (52,47%)
Total Ticket Income: 1 668 390 $
Other Income: 500 517 $
Total Income: 2 168 907 $

SALEM BLACK JAYS

5 vs 5 Forward 
   Center                   Left Wing                Right Wing               Time % Phy DF OF 
 1 Mathew Barzal            Marcus Johansson         Mikko Rantanen           36     0   3  2  
 2 Brett Ritchie            Matthew Calvert          Mitchell Marner          31     0   3  2  
 3 Par Lindholm             Kyle Clifford            Trevor Lewis             23     0   4  1  
 4 Marcus Johansson         Filip Chytil             Mikko Rantanen           10     3   2  0  

5 vs 5 Defense 
   Defense                  Defense                                           Time % Phy DF OF 
 1 Joshua Morrissey         Cody Ceci                                         36     1   3  1  
 2 Zach Bogosian            Adam Larsson                                      31     1   3  1  
 3 Michal Kempny            Scott Mayfield                                    23     1   3  1  
 4 Jason Demers             Anthony DeAngelo                                  10     1   3  1  

PowerPlay Forward 
   Center                   Left Wing                Right Wing               Time % Phy DF OF 
 1 Mathew Barzal            Marcus Johansson         Mikko Rantanen           55     0   0  5  
 2 Par Lindholm             Trevor Lewis             Mitchell Marner          45     0   0  5  

PowerPlay Defense
   Defense                  Defense                                           Time % Phy DF OF 
 1 Anthony DeAngelo         Michal Kempny                                     55     1   2  2  
 2 Zach Bogosian            Adam Larsson                                      45     1   2  2  

Penalty Kill 4 Players Forward 
   Center                   Wing                     Time % Phy DF OF 
 1 Mathew Barzal            Par Lindholm             55     1   3  1  
 2 Mikko Rantanen           Mitchell Marner          45     1   3  1  

Penalty Kill 4 Players Defense
   Defense                  Defense                  Time % Phy DF OF 
 1 Joshua Morrissey         Cody Ceci                55     1   3  1  
 2 Zach Bogosian            Adam Larsson             45     1   3  1  

Penalty Kill - 3 Players Forward 
   Forward                                           Time % Phy DF OF 
 1 Par Lindholm                                      55     1   3  1  
 2 Trevor Lewis                                      45     1   3  1  

Penalty Kill - 3 Players Defense
   Defense                  Defense                  Time % Phy DF OF 
 1 Joshua Morrissey         Cody Ceci                55     1   3  1  
 2 Zach Bogosian            Adam Larsson             45     1   3  1  

4 vs 4 Forward 
   Center                   Wing                     Time % Phy DF OF 
 1 Mikko Rantanen           Mitchell Marner          55     1   2  2  
 2 Mathew Barzal            Marcus Johansson         45     1   2  2  

4 vs 4 Defense
   Defense                  Defense                  Time % Phy DF OF 
 1 Anthony DeAngelo         Michal Kempny            55     1   2  2  
 2 Zach Bogosian            Adam Larsson             45     1   2  2  

Last Minutes Offensive
   Center                   Left Wing                Right Wing               Defense                  Defense                  
   Mathew Barzal            Marcus Johansson         Mikko Rantanen           Joshua Morrissey         Cody Ceci                

Last Minutes Defensive
   Center                   Left Wing                Right Wing               Defense                  Defense                  
   Mathew Barzal            Marcus Johansson         Mikko Rantanen           Joshua Morrissey         Cody Ceci                

Goaltenders
Starting : Mike Smith               
Backup : Juuse Saros              

Extra Forwards
Normal : Kyle Clifford, Par Lindholm, Mathew Barzal - PP : Kyle Clifford, Par Lindholm - PK : Mikko Rantanen
Extra Defensemen
Normal : Michal Kempny, Scott Mayfield, Jason Demers - PP : Michal Kempny - PK : Scott Mayfield, Jason Demers
Penalty Shots
Mikko Rantanen, Mitchell Marner, Mathew Barzal, Par Lindholm, Marcus Johansson
Custom OT Lines Forwards
Mikko Rantanen, Mitchell Marner, Mathew Barzal, Brett Ritchie, Marcus Johansson, Trevor Lewis, Kyle Clifford, Par Lindholm, Matthew Calvert, Filip Chytil
Custom OT Lines Defensemen
Joshua Morrissey, Cody Ceci, Zach Bogosian, Adam Larsson, Michal Kempny

Scratches
Dylan Larkin (Right Hand Injury), Andrew Welinski (Healthy), Calle Rosen (Healthy), Devante Stephens (Healthy), Jimmy Schuldt (Healthy)
Kevin Gravel (Healthy), Casey Cizikas (Exhaustion), Nicolas Kerdiles (Healthy), Scott Kosmachuk (Healthy), Tobias Rieder (Healthy)
Harri Sateri (Healthy)

KELOWNA ROCKETS

5 vs 5 Forward 
   Center                   Left Wing                Right Wing               Time % Phy DF OF 
 1 Evgeny Kuznetsov         Alexander Ovechkin       Vladimir Tarasenko       36     0   1  4  
 2 Auston Matthews          James van Riemsdyk       Jordan Eberle            36     0   1  4  
 3 Anthony Cirelli          Pavel Buchnevich         Tyler Bertuzzi           23     0   3  2  
 4 Nick Bjugstad            Joakim Nordstrom         Colby Cave               5      0   3  2  

5 vs 5 Defense 
   Defense                  Defense                                           Time % Phy DF OF 
 1 Drew Doughty             Nikita Zadorov                                    33     1   3  1  
 2 Dmitri Orlov             Jonas Siegenthaler                                31     1   3  1  
 3 Adam Fox                 Marcus Pettersson                                 23     1   4  0  
 4 Dmitri Orlov             Drew Doughty                                      13     0   3  2  

PowerPlay Forward 
   Center                   Left Wing                Right Wing               Time % Phy DF OF 
 1 Evgeny Kuznetsov         James van Riemsdyk       Vladimir Tarasenko       75     1   0  4  
 2 Nick Bjugstad            Tyler Bertuzzi           Pavel Buchnevich         25     1   0  4  

PowerPlay Defense
   Defense                  Defense                                           Time % Phy DF OF 
 1 Adam Fox                 Alexander Ovechkin                                75     0   1  4  
 2 Marcus Pettersson        Nikita Zadorov                                    25     0   1  4  

Penalty Kill 4 Players Forward 
   Center                   Wing                     Time % Phy DF OF 
 1 Anthony Cirelli          Jordan Eberle            55     1   4  0  
 2 Nick Bjugstad            Joakim Nordstrom         45     1   4  0  

Penalty Kill 4 Players Defense
   Defense                  Defense                  Time % Phy DF OF 
 1 Drew Doughty             Jonas Siegenthaler       55     1   4  0  
 2 Adam Fox                 Dmitri Orlov             45     1   4  0  

Penalty Kill - 3 Players Forward 
   Forward                                           Time % Phy DF OF 
 1 Anthony Cirelli                                   55     0   5  0  
 2 Jordan Eberle                                     45     0   5  0  

Penalty Kill - 3 Players Defense
   Defense                  Defense                  Time % Phy DF OF 
 1 Jonas Siegenthaler       Drew Doughty             55     1   4  0  
 2 Adam Fox                 Dmitri Orlov             45     1   4  0  

4 vs 4 Forward 
   Center                   Wing                     Time % Phy DF OF 
 1 Evgeny Kuznetsov         Alexander Ovechkin       50     0   2  3  
 2 Anthony Cirelli          Vladimir Tarasenko       50     0   2  3  

4 vs 4 Defense
   Defense                  Defense                  Time % Phy DF OF 
 1 Drew Doughty             Nikita Zadorov           50     1   2  2  
 2 Dmitri Orlov             Jonas Siegenthaler       50     1   2  2  

Last Minutes Offensive
   Center                   Left Wing                Right Wing               Defense                  Defense                  
   Auston Matthews          Alexander Ovechkin       Vladimir Tarasenko       Drew Doughty             Dmitri Orlov             

Last Minutes Defensive
   Center                   Left Wing                Right Wing               Defense                  Defense                  
   Auston Matthews          Anthony Cirelli          Jordan Eberle            Drew Doughty             Jonas Siegenthaler       

Goaltenders
Starting : Tuukka Rask              
Backup : Marcus Hogberg           

Extra Forwards
Normal : Pavel Buchnevich, Tyler Bertuzzi, Alexander Ovechkin - PP : Jordan Eberle, Alexander Ovechkin - PK : Jordan Eberle
Extra Defensemen
Normal : Jonas Siegenthaler, Adam Fox, Marcus Pettersson - PP : Dmitri Orlov - PK : Marcus Pettersson, Jonas Siegenthaler
Penalty Shots
Alexander Ovechkin, Auston Matthews, Vladimir Tarasenko, Evgeny Kuznetsov, James van Riemsdyk
Custom OT Lines Forwards
Evgeny Kuznetsov, Alexander Ovechkin, Auston Matthews, Vladimir Tarasenko, Anthony Cirelli, Jordan Eberle, Tyler Bertuzzi, Pavel Buchnevich, Nick Bjugstad, James van Riemsdyk
Custom OT Lines Defensemen
Drew Doughty, Jonas Siegenthaler, Dmitri Orlov, Nikita Zadorov, Marcus Pettersson

Scratches
Chris Tanev (Bruised Left Shoulder Injury), Duncan Siemens (Healthy), Zack Mitchell (Healthy)

% Time on Ice - SALEM BLACK JAYS

Lines # - Real PCT - Wanted PCT - Time Play
Normal Forward
1 - 29% - 36% - 15:25
2 - 35% - 31% - 18:58
3 - 24% - 23% - 13:13
4 - 12% - 10% - 6:21
Normal Defense
1 - 36% - 36% - 19:10
2 - 32% - 31% - 17:28
3 - 22% - 23% - 11:59
4 - 10% - 10% - 5:20
PP Forward
1 - 40% - 55% - 0:50
2 - 60% - 45% - 1:15
PP Defense
1 - 60% - 55% - 1:15
2 - 40% - 45% - 0:50
PK Forward
1 - 71% - 55% - 2:49
2 - 29% - 45% - 1:09
PK Defense
1 - 71% - 55% - 2:48
2 - 29% - 45% - 1:10
PK3 Forward
1 - 0% - 55%
2 - 0% - 45%
PK3 Defense
1 - 0% - 55%
2 - 0% - 45%
44 Forward
1 - 0% - 55%
2 - 0% - 45%
44 Defense
1 - 0% - 55%
2 - 0% - 45%
Last Minute Offensive  - 0:00
Last Minute Defensive  - 0:00
Total
Forward - 60:00
Defense - 60:00

% Time on Ice - KELOWNA ROCKETS

Lines # - Real PCT - Wanted PCT - Time Play
Normal Forward
1 - 32% - 36% - 17:25
2 - 33% - 36% - 17:49
3 - 22% - 23% - 11:52
4 - 13% - 5% - 6:51
Normal Defense
1 - 30% - 33% - 16:22
2 - 31% - 31% - 16:47
3 - 29% - 23% - 15:33
4 - 10% - 13% - 5:15
PP Forward
1 - 52% - 75% - 2:03
2 - 48% - 25% - 1:55
PP Defense
1 - 69% - 75% - 2:45
2 - 31% - 25% - 1:13
PK Forward
1 - 100% - 55% - 2:05
2 - 0% - 45% - 0:00
PK Defense
1 - 100% - 55% - 2:05
2 - 0% - 45% - 0:00
PK3 Forward
1 - 0% - 55%
2 - 0% - 45%
PK3 Defense
1 - 0% - 55%
2 - 0% - 45%
44 Forward
1 - 0% - 50%
2 - 0% - 50%
44 Defense
1 - 0% - 50%
2 - 0% - 50%
Last Minute Offensive  - 0:00
Last Minute Defensive  - 0:00
Total
Forward - 60:00
Defense - 60:00

Play-by-Play

1st period


0:01 of 1st period - Evgeny Kuznetsov wins face-off versus Mathew Barzal in neutral zone.
0:04 of 1st period - Shot by Alexander Ovechkin.
0:04 of 1st period - Stopped by Mike Smith without a rebound.
0:05 of 1st period - James van Riemsdyk wins face-off versus Brett Ritchie in SALEM BLACK JAYS zone.
0:05 of 1st period - Jordan Eberle is hit by Adam Larsson and loses puck.
0:28 of 1st period - Matthew Calvert is hit by Dmitri Orlov.
0:42 of 1st period - Shot by Matthew Calvert.
0:42 of 1st period - Shot Misses the Net.
1:10 of 1st period - Nikita Zadorov is hit by Mikko Rantanen and loses puck.
1:46 of 1st period - Icing by Vladimir Tarasenko.
1:47 of 1st period - Par Lindholm wins face-off versus Evgeny Kuznetsov in KELOWNA ROCKETS zone.
1:51 of 1st period - Icing by Alexander Ovechkin.
1:52 of 1st period - Par Lindholm wins face-off versus Evgeny Kuznetsov in KELOWNA ROCKETS zone.
2:09 of 1st period - Shot by Par Lindholm.
2:09 of 1st period - Deflect By Kyle Clifford.
2:09 of 1st period - Shot Misses the Net.
3:00 of 1st period - Shot by Anthony Cirelli.
3:00 of 1st period - Stopped by Mike Smith without a rebound.
3:01 of 1st period - Auston Matthews wins face-off versus Marcus Johansson in SALEM BLACK JAYS zone.
4:54 of 1st period - Shot by Tyler Bertuzzi.
4:54 of 1st period - Shot Misses the Net.
5:02 of 1st period - Shot by Tyler Bertuzzi.
5:02 of 1st period - Shot Blocked by Scott Mayfield.
5:18 of 1st period - Par Lindholm is hit by Tyler Bertuzzi and loses puck.
5:53 of 1st period - Shot by Mikko Rantanen.
5:53 of 1st period - Stopped by Tuukka Rask without a rebound.
5:54 of 1st period - Mathew Barzal wins face-off versus Auston Matthews in KELOWNA ROCKETS zone.
7:01 of 1st period - Shot by Mitchell Marner.
7:01 of 1st period - Shot Misses the Net.
7:03 of 1st period - Shot by Matthew Calvert.
7:03 of 1st period - Shot Misses the Net.
7:05 of 1st period - Shot by Zach Bogosian.
7:05 of 1st period - Stopped by Tuukka Rask without a rebound.
7:06 of 1st period - Evgeny Kuznetsov wins face-off versus Brett Ritchie in KELOWNA ROCKETS zone.
7:06 of 1st period - Evgeny Kuznetsov is hit by Brett Ritchie.
7:27 of 1st period - Shot by Alexander Ovechkin.
7:27 of 1st period - Deflect By Evgeny Kuznetsov.
7:27 of 1st period - Shot Blocked by Matthew Calvert.
7:29 of 1st period - Shot by Evgeny Kuznetsov.
7:29 of 1st period - Shot Misses the Net.
7:54 of 1st period - Icing by Mitchell Marner.
7:55 of 1st period - Brett Ritchie wins face-off versus Anthony Cirelli in SALEM BLACK JAYS zone.
8:15 of 1st period - Adam Larsson is hit by Tyler Bertuzzi and loses puck.
8:33 of 1st period - Mathew Barzal is hit by Nikita Zadorov.
8:56 of 1st period - Off-side.
8:57 of 1st period - Evgeny Kuznetsov wins face-off versus Par Lindholm in neutral zone.
9:00 of 1st period - Shot by Evgeny Kuznetsov.
9:00 of 1st period - Shot Misses the Net.
9:05 of 1st period - Icing by Cody Ceci.
9:06 of 1st period - Evgeny Kuznetsov wins face-off versus Par Lindholm in SALEM BLACK JAYS zone.
9:17 of 1st period - Icing by Joshua Morrissey.
9:18 of 1st period - Par Lindholm wins face-off versus Auston Matthews in SALEM BLACK JAYS zone.
9:18 of 1st period - Par Lindholm is hit by Jordan Eberle.
9:24 of 1st period - Auston Matthews is hit by Kyle Clifford and loses puck.
9:45 of 1st period - Icing by Jonas Siegenthaler.
9:46 of 1st period - Auston Matthews wins face-off versus Mathew Barzal in KELOWNA ROCKETS zone.
9:51 of 1st period - Shot by Auston Matthews.
9:51 of 1st period - Stopped by Mike Smith with a rebound.
10:54 of 1st period - Shot by Alexander Ovechkin.
10:54 of 1st period - Shot Misses the Net.
10:56 of 1st period - Shot by Drew Doughty.
10:56 of 1st period - Deflect By Alexander Ovechkin.
10:56 of 1st period - Shot Blocked by Adam Larsson.
10:58 of 1st period - Shot by Vladimir Tarasenko.
10:58 of 1st period - Shot Misses the Net.
11:54 of 1st period - Icing by Cody Ceci.
11:55 of 1st period - Par Lindholm wins face-off versus Auston Matthews in SALEM BLACK JAYS zone.
11:55 of 1st period - Par Lindholm is hit by James van Riemsdyk.
13:00 of 1st period - Shot by Mathew Barzal.
13:00 of 1st period - Stopped by Tuukka Rask without a rebound.
13:01 of 1st period - Mathew Barzal wins face-off versus Nick Bjugstad in KELOWNA ROCKETS zone.
13:08 of 1st period - Shot by Nick Bjugstad.
13:08 of 1st period - Stopped by Mike Smith with a rebound.
14:09 of 1st period - Icing by Nick Bjugstad.
14:10 of 1st period - Brett Ritchie wins face-off versus Nick Bjugstad in KELOWNA ROCKETS zone.
14:22 of 1st period - Icing by Adam Fox.
14:23 of 1st period - Marcus Johansson wins face-off versus Nick Bjugstad in KELOWNA ROCKETS zone.
14:50 of 1st period - Shot by Marcus Johansson.
14:50 of 1st period - Shot Blocked by Marcus Pettersson.
14:52 of 1st period - Shot by Filip Chytil.
14:52 of 1st period - Shot Misses the Net.
15:14 of 1st period - Nick Bjugstad is hit by Cody Ceci and loses puck.
15:25 of 1st period - Shot by Mitchell Marner.
15:25 of 1st period - Deflect By Matthew Calvert.
15:25 of 1st period - Stopped by Tuukka Rask without a rebound.
15:26 of 1st period - Par Lindholm wins face-off versus Evgeny Kuznetsov in KELOWNA ROCKETS zone.
15:26 of 1st period - Scott Mayfield is hit by Nikita Zadorov and loses puck.
15:39 of 1st period - Minor Penalty to Drew Doughty for Tripping.
15:40 of 1st period - Anthony Cirelli wins face-off versus Mitchell Marner in KELOWNA ROCKETS zone.
17:53 of 1st period - Shot by Matthew Calvert.
17:53 of 1st period - Stopped by Tuukka Rask without a rebound.
17:54 of 1st period - Marcus Johansson wins face-off versus Evgeny Kuznetsov in KELOWNA ROCKETS zone.
18:07 of 1st period - Shot by Vladimir Tarasenko.
18:07 of 1st period - Shot Misses the Net.
18:58 of 1st period - Icing by Anthony Cirelli.
18:59 of 1st period - Par Lindholm wins face-off versus Anthony Cirelli in KELOWNA ROCKETS zone.
19:06 of 1st period - Shot by Trevor Lewis.
19:06 of 1st period - Shot Blocked by Marcus Pettersson.
19:47 of 1st period - Zach Bogosian is hit by James van Riemsdyk and loses puck.
Goals for this period are 0 for SALEM BLACK JAYS vs 0 for KELOWNA ROCKETS.
Shots for this period are 5 for SALEM BLACK JAYS vs 4 for KELOWNA ROCKETS.

2nd period


0:01 of 2nd period - Evgeny Kuznetsov wins face-off versus Mathew Barzal in neutral zone.
0:08 of 2nd period - Shot by Mathew Barzal.
0:08 of 2nd period - Stopped by Tuukka Rask without a rebound.
0:09 of 2nd period - Evgeny Kuznetsov wins face-off versus Mathew Barzal in KELOWNA ROCKETS zone.
0:22 of 2nd period - Shot by Alexander Ovechkin.
0:22 of 2nd period - Deflect By Evgeny Kuznetsov.
0:22 of 2nd period - Shot Misses the Net.
0:44 of 2nd period - Shot by Vladimir Tarasenko.
0:44 of 2nd period - Shot Misses the Net.
1:20 of 2nd period - Jordan Eberle is hit by Adam Larsson and loses puck.
2:20 of 2nd period - Tyler Bertuzzi is hit by Brett Ritchie.
2:43 of 2nd period - Icing by Mitchell Marner.
2:44 of 2nd period - Brett Ritchie wins face-off versus Evgeny Kuznetsov in SALEM BLACK JAYS zone.
2:51 of 2nd period - Shot by Alexander Ovechkin.
2:51 of 2nd period - Shot Misses the Net.
3:05 of 2nd period - Shot by Matthew Calvert.
3:05 of 2nd period - Shot Misses the Net.
3:07 of 2nd period - Shot by Mitchell Marner.
3:07 of 2nd period - Shot Misses the Net.
4:10 of 2nd period - Shot by Matthew Calvert.
4:10 of 2nd period - Shot Misses the Net.
4:24 of 2nd period - Shot by Matthew Calvert.
4:24 of 2nd period - Stopped by Tuukka Rask without a rebound.
4:25 of 2nd period - Auston Matthews wins face-off versus Par Lindholm in KELOWNA ROCKETS zone.
7:32 of 2nd period - Shot by Jordan Eberle.
7:32 of 2nd period - Shot Misses the Net.
8:16 of 2nd period - Shot by Alexander Ovechkin.
8:16 of 2nd period - Stopped by Mike Smith with a rebound.
8:41 of 2nd period - Icing by Cody Ceci.
8:42 of 2nd period - Anthony Cirelli wins face-off versus Brett Ritchie in SALEM BLACK JAYS zone.
9:20 of 2nd period - Mathew Barzal is hit by Jonas Siegenthaler and loses puck.
9:27 of 2nd period - Shot by Mathew Barzal.
9:27 of 2nd period - Stopped by Tuukka Rask without a rebound.
9:28 of 2nd period - Filip Chytil wins face-off versus Auston Matthews in KELOWNA ROCKETS zone.
9:33 of 2nd period - Shot by Mathew Barzal.
9:33 of 2nd period - Deflect By Mikko Rantanen.
9:33 of 2nd period - Goal by Mikko Rantanen - SALEM BLACK JAYS : 1 - KELOWNA ROCKETS : 0.
9:34 of 2nd period - Mathew Barzal wins face-off versus Auston Matthews in neutral zone.
10:06 of 2nd period - Shot by Auston Matthews.
10:06 of 2nd period - Shot Blocked by Scott Mayfield.
10:11 of 2nd period - Off-side.
10:12 of 2nd period - Par Lindholm wins face-off versus Evgeny Kuznetsov in neutral zone.
10:14 of 2nd period - Joshua Morrissey is hit by Adam Fox and loses puck.
10:50 of 2nd period - Shot by Kyle Clifford.
10:50 of 2nd period - Shot Blocked by Marcus Pettersson.
10:53 of 2nd period - Icing by Marcus Pettersson.
10:54 of 2nd period - Brett Ritchie wins face-off versus Evgeny Kuznetsov in KELOWNA ROCKETS zone.
10:57 of 2nd period - Shot by Matthew Calvert.
10:57 of 2nd period - Stopped by Tuukka Rask without a rebound.
10:58 of 2nd period - Auston Matthews wins face-off versus Brett Ritchie in KELOWNA ROCKETS zone.
11:20 of 2nd period - Matthew Calvert is hit by Nikita Zadorov and loses puck.
11:26 of 2nd period - Icing by Nikita Zadorov.
11:27 of 2nd period - Auston Matthews wins face-off versus Mathew Barzal in KELOWNA ROCKETS zone.
11:33 of 2nd period - Icing by Cody Ceci.
11:34 of 2nd period - Mathew Barzal wins face-off versus Evgeny Kuznetsov in SALEM BLACK JAYS zone.
11:34 of 2nd period - Mathew Barzal is hit by Alexander Ovechkin.
12:32 of 2nd period - Alexander Ovechkin is hit by Adam Larsson and loses puck.
13:05 of 2nd period - Shot by Auston Matthews.
13:05 of 2nd period - Shot Misses the Net.
13:07 of 2nd period - Shot by Jordan Eberle.
13:07 of 2nd period - Shot Misses the Net.
13:09 of 2nd period - Shot by Drew Doughty.
13:09 of 2nd period - Stopped by Mike Smith with a rebound.
13:11 of 2nd period - Shot by Drew Doughty.
13:11 of 2nd period - Deflect By Auston Matthews.
13:11 of 2nd period - Shot Misses the Net.
13:38 of 2nd period - Minor Penalty to Adam Larsson for Holding.
13:39 of 2nd period - Nick Bjugstad wins face-off versus Mathew Barzal in SALEM BLACK JAYS zone.
14:07 of 2nd period - Shot by Nick Bjugstad.
14:07 of 2nd period - Stopped by Mike Smith with a rebound.
14:37 of 2nd period - Nikita Zadorov is hit by Mathew Barzal and loses puck.
14:58 of 2nd period - Shot by Vladimir Tarasenko.
14:58 of 2nd period - Stopped by Mike Smith without a rebound.
14:59 of 2nd period - Vladimir Tarasenko wins face-off versus Mikko Rantanen in SALEM BLACK JAYS zone.
15:02 of 2nd period - Shot by Evgeny Kuznetsov.
15:02 of 2nd period - Shot Misses the Net.
15:14 of 2nd period - Zach Bogosian is hit by James van Riemsdyk and loses puck.
16:15 of 2nd period - Mikko Rantanen is hit by Nick Bjugstad and loses puck.
16:40 of 2nd period - Shot by Matthew Calvert.
16:40 of 2nd period - Shot Misses the Net.
17:40 of 2nd period - Shot by Kyle Clifford.
17:40 of 2nd period - Deflect By Trevor Lewis.
17:40 of 2nd period - Shot Misses the Net.
17:54 of 2nd period - Shot by Mathew Barzal.
17:54 of 2nd period - Shot Misses the Net.
18:02 of 2nd period - Shot by Mathew Barzal.
18:02 of 2nd period - Shot Misses the Net.
18:04 of 2nd period - Shot by Mikko Rantanen.
18:04 of 2nd period - Shot Blocked by Anthony Cirelli.
18:10 of 2nd period - Shot by Mikko Rantanen.
18:10 of 2nd period - Shot Blocked by Tyler Bertuzzi.
18:12 of 2nd period - Shot by Mikko Rantanen.
18:12 of 2nd period - Shot Misses the Net.
18:14 of 2nd period - Shot by Cody Ceci.
18:14 of 2nd period - Stopped by Tuukka Rask without a rebound.
18:15 of 2nd period - Evgeny Kuznetsov wins face-off versus Brett Ritchie in KELOWNA ROCKETS zone.
19:44 of 2nd period - Jordan Eberle is hit by Michal Kempny and loses puck.
Goals for this period are 1 for SALEM BLACK JAYS vs 0 for KELOWNA ROCKETS.
Shots for this period are 6 for SALEM BLACK JAYS vs 4 for KELOWNA ROCKETS.

3rd period


0:01 of 3rd period - Auston Matthews wins face-off versus Mathew Barzal in neutral zone.
0:11 of 3rd period - Minor Penalty to Nikita Zadorov for Tripping.
0:12 of 3rd period - Par Lindholm wins face-off versus Anthony Cirelli in KELOWNA ROCKETS zone.
0:17 of 3rd period - Shot by Trevor Lewis.
0:17 of 3rd period - Deflect By Mitchell Marner.
0:17 of 3rd period - Goal by Mitchell Marner - SALEM BLACK JAYS : 2 - KELOWNA ROCKETS : 0.
0:18 of 3rd period - Mathew Barzal wins face-off versus James van Riemsdyk in neutral zone.
0:37 of 3rd period - Shot by Mikko Rantanen.
0:37 of 3rd period - Stopped by Tuukka Rask without a rebound.
0:38 of 3rd period - Brett Ritchie wins face-off versus Evgeny Kuznetsov in KELOWNA ROCKETS zone.
0:41 of 3rd period - Shot by Mitchell Marner.
0:41 of 3rd period - Goal by Mitchell Marner - SALEM BLACK JAYS : 3 - KELOWNA ROCKETS : 0.
0:42 of 3rd period - Evgeny Kuznetsov wins face-off versus Mathew Barzal in neutral zone.
1:08 of 3rd period - Shot by Vladimir Tarasenko.
1:08 of 3rd period - Goal by Vladimir Tarasenko - SALEM BLACK JAYS : 3 - KELOWNA ROCKETS : 1.
1:09 of 3rd period - Auston Matthews wins face-off versus Brett Ritchie in neutral zone.
1:55 of 3rd period - Minor Penalty to Brett Ritchie for Tripping.
1:56 of 3rd period - Nick Bjugstad wins face-off versus Mathew Barzal in SALEM BLACK JAYS zone.
2:11 of 3rd period - Shot by Mathew Barzal.
2:11 of 3rd period - Stopped by Tuukka Rask without a rebound.
2:12 of 3rd period - Mathew Barzal wins face-off versus Evgeny Kuznetsov in KELOWNA ROCKETS zone.
2:54 of 3rd period - Icing by Vladimir Tarasenko.
2:55 of 3rd period - Evgeny Kuznetsov wins face-off versus Mathew Barzal in KELOWNA ROCKETS zone.
3:56 of 3rd period - Icing by Zach Bogosian.
3:57 of 3rd period - Evgeny Kuznetsov wins face-off versus Brett Ritchie in SALEM BLACK JAYS zone.
4:21 of 3rd period - Shot by Alexander Ovechkin.
4:21 of 3rd period - Shot Misses the Net.
4:55 of 3rd period - Icing by Zach Bogosian.
4:56 of 3rd period - Marcus Johansson wins face-off versus Auston Matthews in SALEM BLACK JAYS zone.
5:52 of 3rd period - Shot by Tyler Bertuzzi.
5:52 of 3rd period - Shot Misses the Net.
6:36 of 3rd period - Shot by Nick Bjugstad.
6:36 of 3rd period - Deflect By Joakim Nordstrom.
6:36 of 3rd period - Shot Misses the Net.
6:56 of 3rd period - Shot by Par Lindholm.
6:56 of 3rd period - Stopped by Tuukka Rask with a rebound.
6:58 of 3rd period - Shot by Joshua Morrissey.
6:58 of 3rd period - Goal by Joshua Morrissey - SALEM BLACK JAYS : 4 - KELOWNA ROCKETS : 1.
6:58 of 3rd period - Marcus Hogberg enters game.
6:59 of 3rd period - Evgeny Kuznetsov wins face-off versus Brett Ritchie in neutral zone.
7:02 of 3rd period - Matthew Calvert is hit by Alexander Ovechkin and loses puck.
10:29 of 3rd period - Shot by Evgeny Kuznetsov.
10:29 of 3rd period - Stopped by Mike Smith without a rebound.
10:30 of 3rd period - Nick Bjugstad wins face-off versus Brett Ritchie in SALEM BLACK JAYS zone.
11:33 of 3rd period - Joshua Morrissey is hit by Alexander Ovechkin and loses puck.
11:57 of 3rd period - Off-side.
11:58 of 3rd period - Mathew Barzal wins face-off versus Auston Matthews in neutral zone.
12:01 of 3rd period - Auston Matthews is hit by Trevor Lewis and loses puck.
12:10 of 3rd period - Shot by Auston Matthews.
12:10 of 3rd period - Stopped by Mike Smith without a rebound.
12:11 of 3rd period - Mathew Barzal wins face-off versus Anthony Cirelli in SALEM BLACK JAYS zone.
12:34 of 3rd period - Shot by Mikko Rantanen.
12:34 of 3rd period - Stopped by Marcus Hogberg without a rebound.
12:35 of 3rd period - Auston Matthews wins face-off versus Brett Ritchie in KELOWNA ROCKETS zone.
13:02 of 3rd period - Shot by Auston Matthews.
13:02 of 3rd period - Shot Misses the Net.
13:04 of 3rd period - Shot by Jordan Eberle.
13:04 of 3rd period - Shot Blocked by Cody Ceci.
13:20 of 3rd period - Shot by Jordan Eberle.
13:20 of 3rd period - Shot Misses the Net.
14:25 of 3rd period - Icing by Vladimir Tarasenko.
14:26 of 3rd period - Mathew Barzal wins face-off versus Evgeny Kuznetsov in KELOWNA ROCKETS zone.
15:11 of 3rd period - Shot by Mikko Rantanen.
15:11 of 3rd period - Shot Blocked by Drew Doughty.
15:46 of 3rd period - Off-side.
15:47 of 3rd period - Brett Ritchie wins face-off versus Anthony Cirelli in neutral zone.
15:52 of 3rd period - Shot by Matthew Calvert.
15:52 of 3rd period - Stopped by Marcus Hogberg with a rebound.
15:54 of 3rd period - Shot by Scott Mayfield.
15:54 of 3rd period - Shot Misses the Net.
16:39 of 3rd period - Off-side.
16:40 of 3rd period - Auston Matthews wins face-off versus Mathew Barzal in neutral zone.
16:49 of 3rd period - Shot by Jordan Eberle.
16:49 of 3rd period - Stopped by Mike Smith without a rebound.
16:50 of 3rd period - Par Lindholm wins face-off versus Auston Matthews in SALEM BLACK JAYS zone.
17:36 of 3rd period - Icing by Dmitri Orlov.
17:37 of 3rd period - Mathew Barzal wins face-off versus James van Riemsdyk in KELOWNA ROCKETS zone.
17:44 of 3rd period - Shot by Marcus Johansson.
17:44 of 3rd period - Stopped by Marcus Hogberg without a rebound.
17:45 of 3rd period - Evgeny Kuznetsov wins face-off versus Mikko Rantanen in KELOWNA ROCKETS zone.
18:09 of 3rd period - Icing by Zach Bogosian.
18:10 of 3rd period - Anthony Cirelli wins face-off versus Mathew Barzal in SALEM BLACK JAYS zone.
19:00 of 3rd period - Icing by Joshua Morrissey.
19:01 of 3rd period - Brett Ritchie wins face-off versus Auston Matthews in SALEM BLACK JAYS zone.
Goals for this period are 3 for SALEM BLACK JAYS vs 1 for KELOWNA ROCKETS.
Shots for this period are 9 for SALEM BLACK JAYS vs 4 for KELOWNA ROCKETS.


SCOTT
LAUGHTON
IGOR
SHESTERKIN
ALEX
TUCH

EAST COAST

HOCKEY LEAGUE

  • 9.CHI2QUE6
  • 10.LIM2CHA3
  • 11.LON6TRV4
  • 12.BAL3CHW2
  • 13.MANPIT
  • 14.NHWATL
  • 15.PETWOR
  • 16.RHI